 Dungeon Crawl Stone Soup version 0.29-a0-40-g8eb35efe60 (webtiles) character file.

Game seed: 11068978032083042876

17 lunkers the Poker (level 2, 0/23 HPs)
             Began as a Demigod Wanderer on Feb 1, 2022.
             Succumbed to an adder's poison
             ... on level 2 of the Dungeon.
             The game lasted 00:00:57 (767 turns).

lunkers the Poker (Demigod Wanderer)                 Turns: 767, Time: 00:00:57

Health: 0/23       AC:  7    Str: 15    XL:     2   Next: 30%
Magic:  4/4        EV:  9    Int: 10    God:
Gold:   41         SH:  0    Dex: 15    Spells: 1/1 levels left

rFire   . . .      SeeInvis .   a - +2 spear
rCold   . . .      Faith    .   (no shield)
rNeg    . . .      Spirit   .   g - +0 scale mail
rPois   .          Reflect  .   (no helmet)
rElec   .          Harm     .   (no cloak)
rCorr   .          Rampage  .   (no gloves)
Will    +....                   c - +0 pair of boots
Stlth   ..........              (no amulet)
HPRegen 0.07/turn               f - ring of willpower
MPRegen 0.09/turn               (no ring)

@: lethally poisoned (0 -> -7)
A: high MP 1, forlorn, divine attributes
a: no special abilities


You were on level 2 of the Dungeon.
You visited 1 branch of the dungeon, and saw 2 of its levels.

You collected 41 gold pieces.

Inventory:

Hand Weapons
 a - a +2 spear (weapon)
Armour
 c - a +0 pair of boots (worn)
 d - a +0 leather armour
 g - a +0 scale mail (worn)
Jewellery
 f - a ring of willpower (left hand)
 j - an amulet of regeneration
Scrolls
 h - a scroll of noise {unknown}
 i - 2 scrolls of identify {unknown}
 k - a scroll of torment {unknown}
Potions
 b - a potion of attraction
 e - a potion of heal wounds {unknown}


   Skills:
 - Level 1.0 Fighting
 * Level 3.5 Polearms
 - Level 1.0 Armour
 - Level 1.7 Dodging
 - Level 2.6 Unarmed Combat


You had one spell level left.
You didn't know any spells.
Your spell library was empty.

Dungeon Overview and Level Annotations

Branches:
Dungeon (2/15)


Innate Abilities, Weirdness & Mutations

You have an increased reservoir of magic. (+10% MP)
You shall have no god before yourself.
Your divine heritage dramatically boosts your attributes as you level up.


Message History

The adder bites you.
* * * LOW HITPOINT WARNING * * *
You are more poisoned.
The adder poisons you!
Reach: a) +2 spear
Press: ? - help, Dir - move target, f/p - adder
Aim: an adder (heavily wounded, about 52% to evade your +2 spear)
You barely miss the adder.
The adder is heavily wounded.
* * * LOW HITPOINT WARNING * * *
You feel sick. The adder closely misses you.
Reach: a) +2 spear
Press: ? - help, Dir - move target, f/p - adder
Aim: an adder (heavily wounded, about 52% to evade your +2 spear)
You hit the adder.
The adder is severely wounded.
You feel sick. The adder bites you but does no damage.
Unknown command.
Reach: a) +2 spear
Press: ? - help, Dir - move target, f/p - adder
Aim: an adder (severely wounded, about 52% to evade your +2 spear)
You closely miss the adder.
The adder is severely wounded.
You feel sick. The adder bites you but does no damage.
Unknown command.
Reach: a) +2 spear
Press: ? - help, Dir - move target, f/p - adder
Aim: an adder (severely wounded, about 52% to evade your +2 spear)
You barely miss the adder.
The adder is severely wounded.
You feel sick. The adder bites you.
* * * LOW HITPOINT WARNING * * *
You are more poisoned.
The adder poisons you!
Reach: a) +2 spear
Press: ? - help, Dir - move target, f/p - adder
Aim: an adder (severely wounded, about 52% to evade your +2 spear)
You hit the adder.
You kill the adder!
You die...

#.##. #....
#.... # #....
#.# #.#.... #.#
#...... #
####.###
#...!..##### #.
..w....
#....)b.@..##
#.########
..########..#
#.........
##.#############
#..............
##.############
#.............
##########.###
#.... #####


You could see a bat.

Vanquished Creatures
  An adder (D:2)
  A dart slug (D:1)
  3 bats (D:1)
  2 endoplasms (D:1)
  A goblin (D:2)
  A hobgoblin (D:1)
  A quokka (D:1)
  2 ball pythons (D:1)
  A frilled lizard (D:1)
  3 kobolds (D:1)
  A rat (D:1)
17 creatures vanquished.

Vanquished Creatures (others)
  2 fungi (D:1)
2 creatures vanquished.

Grand Total: 19 creatures vanquished

Notes
Turn   | Place    | Note
-------+----------+-------------------------------------------
     0 | D:1      | lunkers the Demigod Wanderer began the quest for the Orb.
     0 | D:1      | lunkers set off with the following items: a +2 spear, a
                  | potion of attraction, a +0 pair of boots, a +0 leather
                  | armour
     0 | D:1      | Reached XP level 1. HP: 16/16 MP: 3/3
    54 | D:1      | Reached skill level 3 in Polearms
   339 | D:1      | Reached XP level 2. HP: 23/23 MP: 4/4
   766 | D:2      | HP: 1/23 [adder (4)]
   767 | D:2      | Succumbed to an adder's poison

Illustrated notes

Levels and vault maps discovered:
D:1:      evilmike_arrival_crescent, layout_rooms,
          shapermc_ecumenical_altar_ellora, minmay_misc_feat_diagonals
D:2:      layout_basic, serial_co_window_serial, co_window_corner_a,
          co_window_of_opportunity_a, co_window_of_opportunity_a,
          co_window_paths_b, co_window_corner_a, co_window_corner_a,
          co_window_paths_a, co_window_unsneaky_path_e, co_window_paths_c,
          co_window_paths_c, co_window_of_opportunity_b,
          co_window_of_opportunity_c, co_window_paths_e, co_window_4corner_a,
          glass_columns_a

Skill      XL: |  1 |
---------------+----+-----
Polearms       | 3 |  3.5
Fighting       | |  1.0
Armour         | |  1.0
Dodging        | |  1.7
Unarmed Combat | |  2.6

Action                   || total
-------------------------++-------
Melee: Spear             ||    54
       Punch             ||     2
Armor: Leather armour    ||     4
       Scale mail        ||     9
Dodge: Dodged            ||    28

Table legend: (Time is in decaauts)
 A = Elapsed time spent in this place.
 B = Non-inter-level travel time spent in this place.
 C = Inter-level travel time spent in this place.
 D = Time resting spent in this place.
 E = Time spent auto-exploring this place.
 F = Levels seen in this place.
 G = Mean time per level.
                   A        B        C        D        E       F      G
               +--------+--------+--------+--------+--------+-----+--------+
         Total |    763 |    710 |     53 |      0 |    593 |   2 |  381.5 |
       Dungeon |    763 |    710 |     53 |      0 |    593 |   2 |  381.5 |
               +--------+--------+--------+--------+--------+-----+--------+

Top non-repeatable levels by time:
     D:1: 721 daAuts
     D:2: 42 daAuts
